 Dungeon Crawl Stone Soup version 0.29-a0-322-g68df515428 (webtiles) character file.

Game seed: 6654572731793950888

46 Shard1697 the Cudgeller (level 3, -3/30 HPs)
             Began as a Djinni Fighter on Apr 8, 2022.
             Slain by a hobgoblin (6 damage)
             ... led by Robin
             ... on level 2 of the Dungeon.
             The game lasted 00:02:21 (1226 turns).

Shard1697 the Cudgeller (Djinni Fighter)            Turns: 1226, Time: 00:02:22

Health: -3/30      AC:  7    Str: 17    XL:     3   Next: 92%
Gold:   38         EV:  9    Int:  9    God:
                   SH:  4    Dex: 12

rFire   + + .      SeeInvis .   a - +0 flail
rCold   x . .      Faith    .   c - +0 buckler
rNeg    . . .      Spirit   .   b - +0 scale mail
rPois   ∞          Reflect  .   (no helmet)
rElec   .          Harm     .   (no cloak)
rCorr   .          Rampage  .   n - +0 pair of gloves
Will    .....                   (boots unavailable)
Stlth   ..........              (no amulet)
HPRegen 0.10/turn               (no ring)
MPRegen 0.00/turn               (no ring)

@: flying
A: sickness immunity, fire resistance 2, cold vulnerability 1, float, innate
caster, HP casting, extra vitality 1
a: no special abilities


You were on level 2 of the Dungeon.
You visited 1 branch of the dungeon, and saw 2 of its levels.

You collected 38 gold pieces.

Inventory:

Hand Weapons
 a - a +0 flail (weapon)
Armour
 b - a +0 scale mail (worn)
 c - a +0 buckler (worn)
 n - a +0 pair of gloves (worn)
Scrolls
 e - 2 scrolls of enchant armour {unknown}
 h - 2 scrolls of magic mapping {unknown}
 i - 2 scrolls of identify {unknown}
 l - a scroll of fear {unknown}
 m - a scroll of enchant weapon {unknown}
Potions
 d - a potion of might
 f - a potion of magic
 j - a potion of invisibility {unknown}
 k - a potion of curing {unknown}


   Skills:
 - Level 3.0 Fighting
 + Level 3.2 Maces & Flails
 - Level 3.0 Armour
 - Level 3.0 Shields


You had one spell level left.
You knew the following spells:

 Your Spells              Type           Power      Damage    Failure   Level
a - Pain                  Necr           0%         1d4       87%         1
Your spell library was empty.

Dungeon Overview and Level Annotations

Branches:
Dungeon (2/15)

Altars:

Annotations:
D:2 Robin


Innate Abilities, Weirdness & Mutations

You are immune to sickness and miasma.
You are immune to poison.
Your flesh is very heat resistant. (rF++)
You are vulnerable to cold. (rC-)
You float through the air rather than walking.
You learn spells naturally, not from books.
Your magical power is your life essence.
You have superior vitality. (+4 MHP)


Message History

You sock the goblin!
You kill the goblin!
The goblin closely misses you. You block the hobgoblin's attack.
Robin hits you with a +0 dagger of speed. x2
You hit the hobgoblin.
The hobgoblin is almost dead.
The goblin no longer looks unusually strong. x2
You block the hobgoblin's attack. The goblin closely misses you.
The hobgoblin hits you. The goblin hits you but does no damage.
The hobgoblin completely misses you.
Robin roars a battlecry!
The goblins go into a battle-frenzy!
The goblin barely misses you. The goblin closely misses you.
The hobgoblin hits you.
* * * LOW HITPOINT WARNING * * *
The hobgoblin barely misses you. You block the hobgoblin's attack.
You hit the hobgoblin.
You kill the hobgoblin!
Robin hits you but does no damage. You block the goblin's attack.
The hobgoblin barely misses you. The goblin barely misses you.
The hobgoblin completely misses you. Robin throws the goblin at you!
You completely miss the goblin.
The hobgoblin no longer looks unusually strong.
The goblin barely misses you. You block the hobgoblin's attack.
The goblin hits you with a +0 club.
* * * LOW HITPOINT WARNING * * *
The hobgoblin hits you but does no damage.
You block the goblin's attack.
Robin laughs in a distinctly smug fashion.
Robin roars a battlecry!
The hobgoblin goes into a battle-frenzy!
You barely miss the goblin. The goblin hits you with a +0 club.
* * * LOW HITPOINT WARNING * * *
The hobgoblin barely misses you. The goblin barely misses you.
You block the goblin's attack. The hobgoblin hits you.
* * * LOW HITPOINT WARNING * * *
You block Robin's attack. Robin hits you but does no damage.
The goblin hits you but does no damage. The goblin closely misses you.
The goblin barely misses you. The hobgoblin hits you.
You die...

#.#.#.##.## #.
..#.#..# #. #.#†#..#
#. #.#.#..# ###
#.##.#....#...
+.........#.###
#.##..........
..####g##.#.##.#.##
....ggg@g......>.###
#.####ggg...........
#g##.#..##..$## #B
#.#...# ).# ..
#.#)#.# .# ###
#.#.#.# # #.#....
........ ..#.#...#


You could see Robin, a giant cockroach, 3 hobgoblins and 5 goblins.

Vanquished Creatures
  An adder (D:2)
  A dart slug (D:1)
  5 bats
  2 endoplasms (D:1)
  A giant cockroach (D:1)
  6 goblins
  3 hobgoblins
  4 jackals (D:1)
  A quokka (D:1)
  A frilled lizard (D:1)
  A kobold (D:1)
  3 rats (D:1)
29 creatures vanquished.

Notes
Turn   | Place    | Note
-------+----------+-------------------------------------------
     0 | D:1      | Shard1697 the Djinni Fighter began the quest for the Orb.
     0 | D:1      | Reached XP level 1. HP: 20/20 MP: 0/0
    93 | D:1      | Reached XP level 2. HP: 24/25 MP: 0/0
   500 | D:1      | Reached XP level 3. HP: 28/30 MP: 0/0
   500 | D:1      | Learned a level 1 spell: Pain
  1208 | D:2      | Noticed Robin
  1226 | D:2      | Slain by a hobgoblin

Illustrated notes

Levels and vault maps discovered:
D:1:      dpeg_arrival_water_fire, layout_basic, kennysheep_small_spiral
D:2:      layout_basic, shapermc_ecumenical_altar_mp_vishouse, uniq_robin

Skill      XL: |  1  2  3 |
---------------+----------+-----
Maces & Flails | 2 3 |  3.2
Fighting       | |  3.0
Armour         | |  3.0
Shields        | |  3.0

Action                   || total
-------------------------++-------
Melee: Flail             ||   108
  Use: Potion            ||     2
Armor: Scale mail        ||   107
Dodge: Dodged            ||    91
Block: Buckler           ||    47

Table legend: (Time is in decaauts)
 A = Elapsed time spent in this place.
 B = Non-inter-level travel time spent in this place.
 C = Inter-level travel time spent in this place.
 D = Time resting spent in this place.
 E = Time spent auto-exploring this place.
 F = Levels seen in this place.
 G = Mean time per level.
                   A        B        C        D        E       F      G
               +--------+--------+--------+--------+--------+-----+--------+
         Total |   1259 |   1216 |     43 |      0 |    932 |   2 |  629.5 |
       Dungeon |   1259 |   1216 |     43 |      0 |    932 |   2 |  629.5 |
               +--------+--------+--------+--------+--------+-----+--------+

Top non-repeatable levels by time:
     D:1: 1177 daAuts
     D:2: 82 daAuts
